 Dungeon Crawl Stone Soup version 0.22.0-49-gab54619674 (webtiles) character file.

344353 Fymir27 the Unseen (level 21, -2/163 HPs)
             Began as a Vampire Assassin on Sept 3, 2018.
             Was the Champion of Cheibriados.
             Slain by an acid blob (14 damage)
             ... created by the Royal Jelly
             ... on level 4 of the Pits of Slime on Sept 5, 2018.
             The game lasted 08:02:52 (54541 turns).

Fymir27 the Unseen (Vampire Assassin)              Turns: 54541, Time: 08:02:53

Health: -2/163     AC: 14    Str: 33    XL:     21   Next: 15%
Magic:  28/35      EV: 34    Int: 36    God:    Cheibriados [******]
Gold:   3578       SH: 13    Dex: 33    Spells: 9/40 levels left

rFire    + . .     SeeInvis +   b - +5 demon blade (flame)
rCold    + . .     Gourm    .   R - +3 buckler {rF+}
rNeg     + + .     Faith    .   r - +2 robe {MR+}
rPois    +         Spirit   .   O - +2 hat {MR+}
rElec    .         Reflect  +   n - +1 cloak "Wasy" {Str+8}
rCorr    +         Harm     .   Z - +2 pair of gloves
MR       ++++.                  B - +0 pair of boots
Stlth    +++++++++.             d - +3 amulet of reflection
HPRegen  0.18/turn              q - +3 ring of evasion
MPRegen  0.24/turn              w - ring of resist corrosion

@: regenerating slowly, very slow
A: fangs 3, see invisible, berserk 1, unbreathing
}: 2/15 runes: decaying, serpentine
a: Bat Form, Bend Time, Temporal Distortion, Slouch, Step From Time, Renounce
Religion


You were on level 4 of the Pits of Slime.
You worshipped Cheibriados.
Cheibriados was exalted by your worship.
You were very thirsty.

You visited 9 branches of the dungeon, and saw 43 of its levels.
You also visited: Labyrinth, Bailey and Ice Cave.

You collected 5015 gold pieces.
You spent 1437 gold pieces at shops.

Inventory:

Hand Weapons
 a - the +10 dagger of Doom {venom, rElec rN+ MR+}
   (You found it in an ice cave)

   It poisons the flesh of those it strikes.
   It insulates you from electricity.
   It protects you from negative energy.
   It affects your resistance to hostile enchantments.
 b - a +5 demon blade of flaming (weapon)
Missiles
 v - 3 throwing nets
 y - 2 javelins
 S - 9 poisoned needles
 X - 21 tomahawks of returning (quivered)
Armour
 m - +2 storm dragon scales
 n - the +1 cloak "Wasy" (worn) {Str+8}
   (You bought it in a shop on level 2 of the Orcish Mines)

   It affects your strength (+8).
 p - +0 swamp dragon scales
 r - a +2 robe of magic resistance (worn)
 B - a +0 pair of boots (worn)
 O - a +2 hat of magic resistance (worn)
 R - a +3 buckler of fire resistance (worn)
 Z - a +2 pair of gloves (worn)
Jewellery
 d - a +3 amulet of reflection (around neck)
 q - a +3 ring of evasion (left hand)
 t - an uncursed ring of wizardry
 w - a ring of resist corrosion (right hand)
 U - a +2 ring of slaying
 Y - an uncursed ring of protection from cold
Wands
 j - a wand of acid (18)
 D - a wand of paralysis (14)
 G - a wand of digging (21)
 V - a wand of iceblast (26)
Scrolls
 h - 3 scrolls of teleportation
 k - a scroll of amnesia
 l - 6 scrolls of blinking
 s - a scroll of summoning
 x - 3 scrolls of magic mapping
 C - a scroll of enchant armour
 H - 11 scrolls of remove curse
 M - a scroll of fear
 N - 3 scrolls of fog
 P - 10 scrolls of identify
 Q - 2 scrolls of silence
Potions
 c - 4 potions of magic
 o - 16 potions of curing
 u - 3 potions of agility
 z - 4 potions of heal wounds
 A - a potion of ambrosia
 E - 5 potions of haste
 F - 7 potions of resistance
 I - 2 potions of might
 J - 4 potions of brilliance
Miscellaneous
 e - a lightning rod (4/4)
 f - a box of beasts
 i - a sack of spiders
 W - a phial of floods


   Skills:
 + Level 13.5 Fighting
 - Level 6.7(11.6) Short Blades
 - Level 13.5(14.0) Long Blades
 - Level 10.0 Throwing
 + Level 11.1 Armour
 + Level 15.4 Dodging
 + Level 16.9 Stealth
 - Level 4.0 Shields
 - Level 10.0 Spellcasting
 - Level 1.1 Conjurations
 - Level 12.0 Hexes
 - Level 10.0 Charms
 - Level 2.0 Summonings
 - Level 2.0 Translocations
 - Level 1.1 Fire Magic
 - Level 6.0 Ice Magic
 - Level 10.0 Air Magic
 - Level 2.0 Poison Magic
 - Level 10.0 Invocations


You had 9 spell levels left.
You knew the following spells:

 Your Spells              Type           Power        Failure   Level  Hunger
a - Ensorcelled Hibernat  Hex/Ice        ######       1%          2    None
b - Shroud of Golubria    Chrm/Tloc      ######....   1%          2    None
c - Confuse               Hex            #######.     1%          3    None
d - Mephitic Cloud        Conj/Pois/Air  #####...     1%          3    None
e - Conjure Flame         Conj/Fire      ####....     4%          3    None
f - Invisibility          Hex            #######.     2%          6    ####...
g - Summon Lightning Spi  Summ/Air       ######..     1%          4    None
h - Deflect Missiles      Chrm/Air       ######....   6%          6    ####...
i - Blink                 Tloc           N/A          1%          2    None

Your spell library contained the following spells:

 Spells                   Type           Power        Failure   Level  Hunger
 Confusing Touch          Hex            ######       0%          1    None
 Corona                   Hex            #######      0%          1    None
 Apportation              Tloc           ####..       1%          1    None
 Flame Tongue             Conj/Fire      ####.        1%          1    None
 Infusion                 Chrm           ####         1%          1    None
 Magic Dart               Conj           ####         1%          1    None
 Summon Butterflies       Summ           ####....     1%          1    None
 Summon Small Mammal      Summ           ####         1%          1    None
 Call Imp                 Summ           ####....     1%          2    None
 Slow                     Hex            #######.     1%          2    None
 Song of Slaying          Chrm           ######..     1%          2    None
 Swiftness                Chrm/Air       ######..     1%          2    None
 Dazzling Spray           Conj/Hex       ######       1%          3    None
 Inner Flame              Hex/Fire       ######..     1%          3    None
 Ozocubu's Armour         Chrm/Ice       ######..     1%          3    None
 Regeneration             Chrm/Necr      ######....   1%          3    None
 Spectral Weapon          Hex/Chrm       #######.     1%          3    None
 Static Discharge         Conj/Air       ######..     1%          3    None
 Summon Guardian Golem    Hex/Summ       ######..     1%          3    None
 Tukima's Dance           Hex            #######.     1%          3    None
 Fulminant Prism          Conj/Hex       ######....   1%          4    None
 Metabolic Englaciation   Hex/Ice        ######....   1%          5    ##.....
 Animate Skeleton         Necr           N/A          2%          1    None
 Searing Ray              Conj           ####..       2%          2    None
 Throw Flame              Conj/Fire      ####..       2%          2    None
 Call Canine Familiar     Summ           ####....     3%          3    None
 Gell's Gravitas          Tloc           ####......   3%          3    None
 Lesser Beckoning         Tloc           ####......   3%          3    None
 Summon Ice Beast         Ice/Summ       #####...     4%          4    None
 Yara's Violent Unravell  Hex/Tmut       ######....   5%          5    ##.....
 Iskenderun's Battlesphe  Conj/Chrm      ######..     7%          5    ##.....
 Lightning Bolt           Conj/Air       ######....   7%          5    ##.....
 Force Lance              Conj/Tloc      ####....     12%         4    None
 Iskenderun's Mystic Bla  Conj           ####....     14%         4    None
 Sticky Flame             Conj/Fire      ####....     14%         4    None
 Petrify                  Tmut/Erth      ###.....     22%         4    None
 Venom Bolt               Conj/Pois      ####......   34%         5    ##.....
 Alistair's Intoxication  Tmut/Pois      ####....     38%         5    ##.....
 Fireball                 Conj/Fire      ####......   38%         5    ##.....
 Bolt of Magma            Conj/Fire/Erth ###.......   43%         5    ##.....
 Irradiate                Conj/Tmut      ###.......   45%         5    ##.....
 Iron Shot                Conj/Erth      ###.......   96%         6    ####...
 Hydra Form               Tmut           ###.......   98%         6    ####...
 Statue Form              Tmut/Erth      ###......    98%         6    ####...
 Dragon Form              Tmut           ###.......   100%        7    ######.
 Malign Gateway           Summ/Tloc      ####......   100%        7    ######.
 Monstrous Menagerie      Summ           ####......   100%        7    ######.
 Orb of Destruction       Conj           ####......   100%        7    ######.
 Spellforged Servitor     Conj/Summ      ####......   100%        7    ######.
 Summon Greater Demon     Summ           ####......   100%        7    ######.
 Ignition                 Fire           ####......   100%        8    #######
 Summon Horrible Things   Summ           ####......   100%        8    #######
 Shatter                  Erth           ###.......   100%        9    #######
 Tornado                  Air            ######....   100%        9    #######


Dungeon Overview and Level Annotations

Branches:
Dungeon (15/15)            Temple (1/1) D:4            Lair (6/6) D:11
  Swamp (4/4) Lair:2        Snake (4/4) Lair:4        Slime (5/5) Lair:5
    Orc (2/2) D:11            Elf (2/3) Orc:2        Vaults (4/5) D:13
  Crypt (0/3) Vaults:3     Depths (0/5) D:15

Altars:
Ashenzari
Cheibriados
Dithmenos
Elyvilon
Fedhas
Gozag
Hepliaklqana
Kikubaaqudgha
Makhleb
Nemelex Xobeh
Okawaru
Qazlal
Ru
Sif Muna
Trog
Uskayaw
Vehumet
Wu Jian
Xom
Yredelemnul
Zin
The Shining One
Beogh
Jiyva

Shops:
D:4 *   D:13 =   Orc:1 [:(   Orc:2 (:=[   Elf:2 :[   Snake:2 *   Snake:4 =

Annotations:
Slime:5 Royal Jelly
Elf:2 exclusion: 3 doors
Vaults:2 3 runed doors, Azzok's ghost, adept GnEn; Qiludid's ghost, adept MiBe; TryExcept's ghost, adept TrBe


Innate Abilities, Weirdness & Mutations

You heal slowly.
You have razor-sharp teeth.
You have supernaturally acute eyesight. (SInv)
You can survive without breathing.
You tend to lose your temper in combat.


Message History

Two slime creatures merge to form a very large slime creature.
A large slime creature splits.
You climb upwards.
There is a stone staircase leading down here.
Your magical effects are unravelling.
You feel magically purged.
You are no longer corroded.
The death ooze hits you!!
* * * LOW HITPOINT WARNING * * *
You feel terrible. The death ooze completely misses you.
The acid blob spits acid at you. The splash of acid hits you! You resist.
* * * LOW HITPOINT WARNING * * *
You are splashed with acid!
The acid burns!
You resist.
* * * LOW HITPOINT WARNING * * *
The death ooze completely misses you.
You riposte.
You slice the death ooze!! You burn the death ooze!
You destroy the death ooze!
That felt strangely unrewarding.
The acid blob hits you!
You die...

..................
....................
....................
#...................<......
..................#.........
........(...........>.......
............................
..........JJ..............#
.....#..(..@..............##
#.#.#......................#
. #.#.....................##
.........................#
...#.............#..>......
...........#..............
...................#.....
........................
......................


You could see an acid blob and a very large slime creature.

Vanquished Creatures
  Dissolution (Slime:2)
  Xtahua (Vaults:4)
  Margery (Vaults:3)
  A tentacled monstrosity (Vaults:3)
  Rupert (Lair:4)
  The ghost of Nips the Hoplite, an adept MiFi of Trog (Lair:3)
  10 acid blobs
  Donald (Orc:2)
  3 tengu reavers
  Gastronok (D:11)
  2 thorn hunters
  Agnes (D:14)
  Kirke (D:14)
  7 nagarajas
  3 azure jellies
  5 vault wardens
  A fire giant (Vaults:4)
  2 frost giants
  Louise (Elf:1)
  2 deep elf sorcerers (Elf:1)
  An orc warlord (Orc:2)
  7 stone giants
  12 ironheart preservers
  An entropy weaver (Vaults:3)
  A vampire knight (Vaults:3)
  A minotaur (Lab)
  3 ettins
  5 death oozes
  7 ogre magi
  2 fire dragons
  6 great orbs of eyes
  Fannar (D:10)
  3 yaktaur captains
  2 rakshasas
  4 vault guards
  5 ice dragons
  2 ghost crabs
  10 hydras
  Harold (Lair:1)
  14 naga warriors
  2 catoblepae
  6 anacondas
  5 alligators
  4 centaur warriors
  An anaconda (shapeshifter) (D:15)
  A two-headed ogre (shapeshifter) (D:15)
  12 dancing weapons
  2 death knights
  25 two-headed ogres
  3 tengu warriors (D:15)
  A deep troll earth mage (Vaults:4)
  7 death yaks
  2 vampire magi (Vaults:3)
  2 orc high priests
  5 naga sharpshooters
  6 deep elf knights
  7 shock serpents
  Nergalle (Lair:3)
  11 hell knights
  Urug (D:12)
  4 salamander mystics
  A skeletal warrior (Vaults:1)
  An unseen horror (shapeshifter) (D:15)
  7 deep trolls
  2 unseen horrors
  4 shambling mangroves
  A flayed ghost (Vaults:4)
  4 swamp dragons
  3 naga ritualists
  7 deep elf archers
  4 wizards
  A glowing orange brain (D:15)
  34 deep elf magi
  A phantasmal warrior (Vaults:4)
  8 ironbrand convokers
  10 orc knights
  A harpy (Vaults:2)
  9 mana vipers
  15 salamanders
  10 orc sorcerers
  7 necromancers
  3 wolf spiders
  3 oklob plants
  A tengu skeleton (Vaults:4)
  7 cyclopes
  12 ugly things
  2 shining eyes (Slime:1)
  A salamander (shapeshifter) (Vaults:1)
  Maurice (D:8)
  An ice statue (IceCv)
  49 black mambas
  A centaur zombie (D:15)
  11 vault sentinels
  12 naga magi
  17 elephants
  A human skeleton (Vaults:4)
  An eye of devastation (Slime:5)
  3 guardian serpents
  2 gargoyles
  A torpor snail (shapeshifter) (D:15)
  A torpor snail (Lair:3)
  29 spiny frogs
  A spiny frog (shapeshifter) (Vaults:1)
  2 centaur skeletons
  3 rime drakes
  A yaktaur (shapeshifter) (Elf:2)
  22 yaktaurs
  5 komodo dragons
  10 freezing wraiths
  4 red devils (Elf:1)
  2 ice devils (Orc:1)
  4 tengu conjurers
  A troll (shapeshifter) (Vaults:4)
  8 trolls
  A polar bear (shapeshifter) (Vaults:1)
  12 tyrant leeches
  21 polar bears
  23 hornets
  A sphinx simulacrum (Vaults:2)
  73 slime creatures
  7 bog bodies
  14 hippogriffs
  A blink frog (shapeshifter) (Vaults:4)
  A dream sheep (shapeshifter) (Vaults:2)
  An air elemental (Elf:1)
  16 blink frogs
  8 redbacks (Elf:2)
  9 spriggans
  A tarantella (shapeshifter) (Vaults:4)
  Sigmund (D:2)
  6 wraiths
  A shadow (Swamp:4)
  52 yaks
  3 hogs (D:14)
  4 water elementals
  A yak (shapeshifter) (Vaults:1)
  A steam dragon (shapeshifter) (Vaults:3)
  2 fire elementals
  A hog (shapeshifter) (Vaults:4)
  5 wyverns
  A golden eye (Slime:4)
  5 swamp worm simulacra (Swamp:4)
  4 basilisks (Lab)
  3 steam dragons
  12 vampire mosquitoes
  2 hungry ghosts
  13 swamp worms
  8 wargs
  9 insubstantial wisps
  14 hydra simulacra (Swamp:4)
  A soldier ant (D:12)
  3 acid dragons
  44 nagas
  6 hell hounds (D:11)
  A floating eye (Slime:5)
  5 water moccasins
  3 porcupines (Lair:3)
  38 orc warriors
  An elf zombie (Vaults:4)
  5 swamp drakes
  4 ice beasts
  2 black bears
  3 eyes of draining
  3 phantoms
  18 wolves
  27 ogres
  11 centaurs
  A necrophage (D:11)
  5 boggarts
  11 crocodiles
  A big kobold (shapeshifter) (D:15)
  3 big kobolds
  Blork the orc (D:4)
  26 bullfrogs
  A wyvern zombie (D:13)
  A gnoll sergeant (D:9)
  2 earth elementals
  4 scorpions
  14 killer bees
  A spriggan skeleton (Lab)
  7 wights
  3 electric eels
  2 troll skeletons (Lab)
  3 howler monkeys
  9 crimson imps
  4 hounds
  3 quasits
  2 human simulacra (Vaults:2)
  23 orc priests
  2 bullfrog skeletons
  2 bullfrog zombies
  31 orc wizards
  3 iguanas
  Ijyb (D:4)
  Natasha (thrice) (D:2)
  8 worker ants
  A hound zombie (D:5)
  A hound skeleton (D:5)
  10 gnolls
  2 howler monkey skeletons
  13 adders
  3 shadow imps
  5 oozes
  A swamp drake simulacrum (Swamp:4)
  An adder zombie (D:8)
  An adder skeleton (D:7)
  7 worms
  A dart slug (D:1)
  5 leopard geckos
  89 orcs
  A ball python (D:6)
  12 bats
  6 giant cockroaches
  13 goblins
  15 hobgoblins
  8 jackals
  7 quokkas
  5 frilled lizards
  32 kobolds
  A leopard gecko skeleton (D:9)
  A quokka skeleton (D:5)
  6 rats
  2 fungi
  3 plants
1535 creatures vanquished.

Vanquished Creatures (collateral kills)
  Vashnia (Snake:3)
  A thorn hunter (Swamp:3)
  3 nagarajas (Snake:4)
  An acid blob (Slime:5)
  A vault warden (Vaults:4)
  An ice dragon (Swamp:4)
  A great orb of eyes (Slime:5)
  8 naga warriors
  A ghost crab (Swamp:2)
  2 hydras (Swamp:3)
  2 alligators
  An anaconda (Snake:1)
  A two-headed ogre (Vaults:1)
  A satyr (shapeshifter) (D:15)
  7 naga sharpshooters
  2 deep elf knights (Elf:1)
  2 spriggans
  3 shambling mangroves (Swamp:3)
  A wizard (Elf:1)
  2 deep elf archers
  5 naga ritualists
  2 deep elf magi (Elf:1)
  A shining eye (Slime:5)
  4 mana vipers
  2 vault sentinels
  5 salamanders
  5 black mambas
  3 naga magi
  2 guardian serpents
  2 spiny frogs
  3 yaktaurs
  3 tyrant leeches
  6 hornets
  5 slime creatures
  2 blink frogs
  A bog body (Lair:2)
  A wyvern (Lair:6)
  A swamp worm simulacrum (Swamp:4)
  3 golden eyes (Slime:4)
  24 nagas
  A vampire mosquito (Swamp:1)
  A swamp worm (Swamp:3)
  A hell hound (D:11)
  2 swamp drakes
  An orc warrior (Vaults:2)
  An eye of draining (Slime:4)
  3 boggarts (Vaults:1)
  2 wolves (Lair:2)
  A bullfrog (Lair:6)
  A wight (D:7)
  A centaur skeleton (D:7)
  An orc priest (Vaults:2)
  A swamp drake simulacrum (Swamp:4)
  An orc (Vaults:2)
  3 plants
143 creatures vanquished.

Vanquished Creatures (others)
  A vault warden (Vaults:2)
  A very ugly thing (Vaults:2)
  A hydra (Swamp:4)
  A centaur warrior (D:14)
  2 naga sharpshooters (Snake:3)
  A deep elf archer (Elf:1)
  A cyclops (D:15)
  A salamander (Snake:3)
  A yaktaur (Vaults:2)
  7 slime creatures (Swamp:4)
  4 humans (D:14)
  A vampire mosquito (Swamp:4)
  A naga (Snake:4)
  A swamp worm (Swamp:4)
  An orc warrior (Orc:2)
  2 swamp drakes
  An orc wizard (Orc:2)
  A hound (D:14)
  8 kobolds (Bailey)
  2 bushes
  7 fungi
  27 plants
  2 withered plants (Vaults:2)
75 creatures vanquished.

Grand Total: 1753 creatures vanquished

Notes
Turn   | Place    | Note
-------+----------+-------------------------------------------
     0 | D:1      | Fymir27 the Vampire Assassin began the quest for the Orb.
     0 | D:1      | Reached XP level 1. HP: 16/16 MP: 1/1
    73 | D:1      | Reached skill level 6 in Stealth
    73 | D:1      | Reached XP level 2. HP: 21/22 MP: 2/2
   151 | D:1      | Reached XP level 3. HP: 25/27 MP: 3/3
   934 | D:2      | Reached XP level 4. HP: 33/33 MP: 4/4
  1069 | D:2      | Noticed Sigmund
  1076 | D:2      | Killed Sigmund
  1076 | D:2      | Reached skill level 7 in Stealth
  1076 | D:2      | Reached XP level 5. HP: 39/39 MP: 5/5
  1127 | D:2      | Noticed Natasha
  1132 | D:2      | Killed Natasha
  1336 | D:2      | Noticed Natasha
  1363 | D:2      | Killed Natasha
  1363 | D:2      | Reached XP level 6. HP: 43/46 MP: 6/6
  1429 | D:2      | Noticed Natasha
  1478 | D:2      | Killed Natasha
  2125 | D:3      | Reached skill level 8 in Stealth
  2349 | D:3      | Found a faded altar of an unknown god.
  2373 | D:3      | Became a worshipper of Cheibriados the Contemplative
  2373 | D:3      | Reached * piety under Cheibriados
  2949 | D:4      | Reached skill level 1 in Shields
  2970 | D:4      | Found a staircase to the Ecumenical Temple.
  2990 | Temple   | Entered the Ecumenical Temple
  3115 | D:4      | Reached XP level 7. HP: 46/52 MP: 5/7
  3150 | D:4      | Found Garobro's Assorted Antiques.
  3962 | D:4      | Found a shadowy altar of Dithmenos.
  4020 | D:4      | Noticed Ijyb
  4022 | D:4      | Noticed Blork the orc
  4023 | D:4      | Killed Ijyb
  4026 | D:4      | Killed Blork the orc
  4335 | D:5      | Entered Level 5 of the Dungeon
  4382 | D:5      | Reached skill level 5 in Short Blades
  4986 | D:5      | Found an ancient bone altar of Kikubaaqudgha.
  4995 | D:5      | Reached ** piety under Cheibriados
  5107 | D:5      | Reached skill level 9 in Stealth
  5131 | D:5      | Reached XP level 8. HP: 60/60 MP: 8/8
  5157 | D:5      | Found a radiant altar of Vehumet.
  5180 | D:5      | Learned a level 2 spell: Blink
  5183 | D:5      | Learned a level 2 spell: Call Imp
  5187 | D:5      | Learned a level 3 spell: Mephitic Cloud
  5546 | D:6      | Found a snail-covered altar of Cheibriados.
  5677 | D:6      | Found a glowing silver altar of Zin.
  5883 | D:6      | Reached skill level 1 in Invocations
  5900 | D:6      | Reached skill level 1 in Air Magic
  5900 | D:6      | Reached skill level 1 in Poison Magic
  6114 | D:6      | Reached skill level 1 in Spellcasting
  6323 | D:6      | Got a bone spear
  6324 | D:6      | Identified the +10 spear of the Cup {speed, *Corrode *Drain
                  | Int+9 Stlth+} (You found it on level 6 of the Dungeon)
  6372 | D:6      | Noticed a hippogriff
  6382 | D:6      | Killed a hippogriff
  6382 | D:6      | Reached skill level 1 in Conjurations
  6382 | D:6      | Reached skill level 1 in Translocations
  6507 | D:6      | Reached *** piety under Cheibriados
  7132 | D:7      | Reached XP level 9. HP: 63/65 MP: 5/11
  7312 | D:7      | Learned a level 3 spell: Conjure Flame
  7324 | D:7      | Noticed a troll
  8040 | D:7      | Reached skill level 10 in Stealth
  8295 | D:7      | Identified the Volume of Assistive Snow
  8357 | D:8      | Noticed Maurice
  8360 | D:8      | Killed Maurice
  8360 | D:8      | Reached skill level 1 in Fire Magic
  8911 | D:8      | Reached **** piety under Cheibriados
  9053 | D:8      | Reached skill level 5 in Fighting
  9245 | D:8      | Found a stormy altar of Qazlal.
  9347 | D:9      | Found a deep blue altar of Sif Muna.
  9406 | D:9      | Found a bloodstained altar of Trog.
  9408 | D:9      | Found a white marble altar of Elyvilon.
  9410 | D:9      | Found an opulent altar of Gozag.
  9411 | D:9      | Found a snail-covered altar of Cheibriados.
  9481 | D:9      | Reached XP level 10. HP: 74/74 MP: 5/13
  9520 | D:9      | Reached skill level 1 in Long Blades
  9667 | D:9      | Reached skill level 11 in Stealth
 10043 | D:10     | Entered Level 10 of the Dungeon
 10043 | D:10     | Noticed Fannar
 10044 | D:10     | Reached skill level 5 in Dodging
 10047 | D:10     | Killed Fannar
 10069 | D:10     | Reached skill level 5 in Invocations
 10100 | D:10     | Found a blossoming altar of Fedhas.
 10337 | D:10     | Reached ***** piety under Cheibriados
 10501 | D:10     | Got a steaming leather armour
 10515 | D:10     | Identified the cursed +1 leather armour of the Garden
                  | {rPois rN+ MR+} (You found it on level 10 of the Dungeon)
 11061 | D:10     | Learned a level 3 spell: Confuse
 11418 | D:11     | Reached skill level 5 in Throwing
 11418 | D:11     | Reached skill level 1 in Hexes
 12264 | D:11     | Reached XP level 11. HP: 37/81 MP: 6/15
 12769 | D:11     | Found a staircase to the Orcish Mines.
 12885 | D:11     | Found a staircase to the Lair.
 12927 | D:11     | Reached skill level 12 in Stealth
 13368 | Lair:1   | Entered Level 1 of the Lair of Beasts
 13376 | Lair:1   | Noticed Harold
 13712 | Lair:1   | Noticed Gastronok
 13720 | Lair:1   | Killed Harold
 14401 | D:11     | Killed Gastronok
 15791 | Lair:2   | Reached ****** piety under Cheibriados
 15805 | Lair:2   | Noticed a four-headed hydra
 15812 | Lair:2   | Killed a four-headed hydra
 16014 | Lair:2   | Reached XP level 12. HP: 89/89 MP: 9/17
 16070 | Lair:2   | Reached skill level 5 in Air Magic
 16127 | Lair:2   | Reached skill level 5 in Long Blades
 16440 | Lair:2   | Learned a level 2 spell: Shroud of Golubria
 16495 | Lair:2   | Found a staircase to the Swamp.
 17317 | Lair:3   | Noticed a four-headed hydra
 17780 | Lair:2   | Killed a four-headed hydra
 18007 | Lair:3   | Noticed a catoblepas
 18043 | Lair:3   | Killed a catoblepas
 18283 | Lair:3   | Noticed Nergalle
 18296 | Lair:3   | Reached skill level 1 in Armour
 18298 | Lair:3   | Killed Nergalle
 18934 | Lair:4   | Noticed a four-headed hydra
 18943 | Lair:4   | Noticed Rupert
 19288 | Lair:4   | Killed a four-headed hydra
 19288 | Lair:4   | Reached skill level 1 in Charms
 19365 | Lair:4   | Killed Rupert
 19576 | Lair:4   | Reached XP level 13. HP: 96/96 MP: 12/19
 19797 | Lair:4   | Found a staircase to the Snake Pit.
 20199 | D:12     | Noticed Urug
 20242 | D:12     | Found a labyrinth entrance.
 20247 | Lab      | Entered a labyrinth
 21055 | Lab      | Noticed a minotaur
 21059 | Lab      | Killed a minotaur
 21075 | Lab      | Got a sheer robe
 21113 | D:11     | Identified the cursed +1 robe of a volcano {rC+ Slay+5}
                  | (You found it in a labyrinth)
 21344 | D:12     | Killed Urug
 21360 | D:12     | Got a jewelled short sword
 21511 | D:4      | Bought a scroll of identify for 50 gold pieces
 21511 | D:4      | Identified the +1 short sword of Xom's Hatred {antimagic,
                  | -Tele rC+ Dex+3} (You found it on level 12 of the Dungeon)
 22024 | Lair:5   | Found a runed door.
 22025 | Lair:5   | Noticed Nips's ghost (adept MiFi)
 22547 | Orc:1    | Entered Level 1 of the Orcish Mines
 22570 | Orc:1    | Found a roughly hewn altar of Beogh.
 22650 | Orc:1    | Found Zeegag's Armour Emporium.
 22716 | Orc:1    | Found Mearoni's Antique Weapon Emporium.
 22728 | Orc:1    | Found a flagged portal.
 22733 | Bailey   | Entered a bailey
 23007 | Orc:1    | Found a frozen archway.
 23027 | IceCv    | Entered an ice cave
 23464 | IceCv    | Reached skill level 5 in Charms
 23708 | IceCv    | Reached skill level 13 in Stealth
 24380 | IceCv    | Noticed a frost giant
 24385 | IceCv    | Reached XP level 14. HP: 75/105 MP: 16/20
 24395 | IceCv    | Killed a frost giant
 24453 | IceCv    | Got a crystal dagger
 24464 | IceCv    | Got a twisted short sword
 25029 | Orc:2    | Entered Level 2 of the Orcish Mines
 25194 | Orc:2    | Found a roughly hewn altar of Beogh.
 25852 | Orc:2    | Paralysed by an orc sorcerer for 4 turns
 26581 | Orc:2    | Found Deit's Book Shop.
 26581 | Orc:2    | Found Houtuah's Antique Weapon Shop.
 26583 | Orc:2    | Found Nuthe's Jewellery Boutique.
 26587 | Orc:2    | Found Dibegeiz's Antique Armour Boutique.
 26671 | Orc:2    | Found a staircase to the Elven Halls.
 26675 | Orc:2    | Noticed Donald
 27075 | Orc:2    | Identified the +10 dagger of Doom {venom, rElec rN+ MR+}
                  | (You found it in an ice cave)
 27077 | Orc:2    | Identified the +2 short sword of the Endless March {drain,
                  | Dex+4} (You found it in an ice cave)
 27082 | Orc:2    | Bought a scorched cloak for 361 gold pieces
 27082 | Orc:2    | Bought a pair of faintly humming boots for 361 gold pieces
 27092 | Orc:2    | Identified the +1 cloak "Wasy" {Str+8} (You bought it in a
                  | shop on level 2 of the Orcish Mines)
 27102 | Orc:2    | Identified the +2 pair of boots "Duzyf" {-Cast Regen+
                  | Int+2} (You bought it in a shop on level 2 of the Orcish
                  | Mines)
 27568 | Orc:2    | Killed Donald
 28147 | Orc:1    | Noticed an orc warlord
 28233 | Orc:2    | Killed an orc warlord
 28298 | Orc:1    | Found Vettit's Book Emporium.
 28312 | Orc:1    | Bought a book of Callings for 420 gold pieces
 28317 | Orc:1    | Learned a level 4 spell: Summon Lightning Spire
 28689 | D:12     | Reached skill level 1 in Summonings
 29584 | D:13     | Found Aluaz's Jewellery Boutique.
 29633 | D:13     | Found a gate to the Vaults.
 29823 | D:14     | Noticed Kirke
 29841 | D:14     | Killed Kirke
 29841 | D:14     | Reached skill level 14 in Stealth
 29945 | D:14     | Noticed Agnes
 29980 | D:14     | Found an iron altar of Okawaru.
 30086 | D:14     | Reached XP level 15. HP: 97/112 MP: 22/22
 30135 | D:14     | Killed Agnes
 30216 | D:14     | Got a shimmering cloak
 30227 | D:14     | Identified the +1 cloak of Tartarus {Str+2 SInv} (You found
                  | it on level 14 of the Dungeon)
 30334 | D:15     | Entered Level 15 of the Dungeon
 30446 | D:15     | Reached skill level 5 in Spellcasting
 30546 | D:15     | Reached skill level 5 in Armour
 30629 | D:15     | Reached skill level 10 in Dodging
 30767 | D:15     | Reached skill level 10 in Invocations
 31067 | D:15     | Found a staircase to the Depths.
 31146 | D:15     | Got a twisted rapier
 31503 | Lair:6   | Entered Level 6 of the Lair of Beasts
 31542 | Lair:5   | Identified the +5 rapier "Xerchidats" {freeze, MR+} (You
                  | found it on level 15 of the Dungeon)
 31693 | Lair:5   | Found a viscous altar of Jiyva.
 31693 | Lair:5   | Found a staircase to the Slime Pits.
 31951 | Lair:5   | Found an iron altar of Okawaru.
 32167 | Lair:5   | Reached skill level 10 in Air Magic
 32929 | Lair:6   | Reached skill level 15 in Stealth
 33402 | Lair:6   | Reached XP level 16. HP: 28/120 MP: 1/23
 33622 | Lair:6   | Learned a level 6 spell: Deflect Missiles
 34152 | Snake:1  | Entered Level 1 of the Snake Pit
 34781 | Snake:1  | Identified the +2 robe of an ice cave {+Inv rPois rF+
                  | Int+2} (You found it on level 1 of the Snake Pit)
 35219 | Snake:2  | Reached skill level 10 in Fighting
 35275 | Snake:2  | Found Inoskin's General Store.
 35283 | Snake:2  | Bought a scroll of summoning for 133 gold pieces
 35283 | Snake:2  | Bought 3 scrolls of identify for 84 gold pieces
 35283 | Snake:2  | Bought a scroll of identify for 28 gold pieces
 35377 | Snake:2  | Found the +2 cloak of the Thief {+Fog Slay-2 SInv Stlth+}
 35946 | Snake:2  | Identified a scroll of acquirement
 36462 | Snake:3  | Noticed Vashnia
 36476 | Snake:3  | Reached skill level 10 in Long Blades
 36494 | Snake:3  | Killed Vashnia
 36791 | Snake:3  | Reached XP level 17. HP: 129/129 MP: 21/26
 36883 | Snake:3  | Found a blossoming altar of Fedhas.
 37677 | Snake:4  | Entered Level 4 of the Snake Pit
 38326 | Snake:4  | Found Cushreff's Jewellery Shoppe.
 39201 | Snake:4  | Reached skill level 10 in Throwing
 40573 | Snake:4  | Got a serpentine rune of Zot
 40767 | Lair:3   | Killed Nips's ghost
 40820 | Swamp:1  | Entered Level 1 of the Swamp
 41219 | Swamp:1  | Reached XP level 18. HP: 138/138 MP: 21/29
 42696 | Swamp:3  | Reached skill level 5 in Hexes
 43487 | Swamp:4  | Entered Level 4 of the Swamp
 44365 | Swamp:4  | Got a decaying rune of Zot
 44671 | Elf:1    | Entered Level 1 of the Elven Halls
 44741 | Elf:1    | Noticed Louise
 44786 | Elf:1    | Killed Louise
 44911 | Elf:1    | Learned a level 6 spell: Invisibility
 45537 | Elf:2    | Reached skill level 10 in Hexes
 45714 | Elf:2    | Found Orefod's Armour Emporium.
 45877 | Elf:2    | Reached XP level 19. HP: 146/146 MP: 31/31
 45904 | Elf:2    | Found a runed gate.
 45906 | Elf:2    | Found a runed gate.
 45911 | Elf:2    | Found a runed gate.
 45929 | Elf:2    | Found Iromusho's Book Shop.
 46380 | Vaults:1 | Entered Level 1 of the Vaults
 46765 | Vaults:1 | Learned a level 2 spell: Ensorcelled Hibernation
 46869 | Vaults:1 | Reached skill level 1 in Ice Magic
 47557 | Vaults:1 | Reached skill level 10 in Armour
 48309 | Vaults:2 | Reached skill level 5 in Ice Magic
 48867 | Vaults:2 | Found a runed gate.
 48867 | Vaults:2 | Found a runed gate.
 48867 | Vaults:2 | Noticed Azzok's ghost (adept GnEn)
 48868 | Vaults:2 | Found a runed gate.
 48868 | Vaults:2 | Noticed TryExcept's ghost (adept TrBe)
 48868 | Vaults:2 | Noticed Qiludid's ghost (adept MiBe)
 48871 | Vaults:2 | Noticed Qiludid's ghost (adept MiBe)
 49492 | Vaults:3 | Noticed Margery
 49530 | Vaults:3 | Reached XP level 20. HP: 119/155 MP: 12/33
 50328 | Vaults:3 | Killed Margery
 51005 | Vaults:3 | Found a staircase to the Crypt.
 51281 | Vaults:4 | Noticed Xtahua
 51302 | Vaults:4 | Killed Xtahua
 51346 | Vaults:4 | Found a hide-covered altar of Uskayaw.
 52047 | Vaults:4 | Reached skill level 16 in Stealth
 52865 | Slime:1  | Entered Level 1 of the Pits of Slime
 52897 | Lair:5   | Reached skill level 15 in Dodging
 53047 | Slime:2  | Noticed Dissolution
 53049 | Slime:2  | Killed Dissolution
 53049 | Slime:2  | Reached skill level 10 in Spellcasting
 53664 | Slime:4  | Reached XP level 21. HP: 110/162 MP: 29/35
 53690 | Slime:5  | Entered Level 5 of the Pits of Slime
 53715 | Slime:5  | Gained mutation: You tend to lose your temper in combat. [a
                  | shining eye]
 53731 | Slime:5  | Reached skill level 10 in Charms
 53910 | Slime:5  | Found a viscous altar of Jiyva.
 53911 | Slime:5  | Noticed the Royal Jelly
 53914 | Slime:5  | Found the +4 dagger "Morg" {pain, MR+ Int+5}
 53916 | Slime:5  | Paralysed by a floating eye for 2 turns
 53921 | Slime:5  | Paralysed by a floating eye for 2 turns
 54541 | Slime:4  | Slain by an acid blob

Skill      XL: |  1  2  3  4  5  6  7  8  9 10 11 12 13 14 15 16 17 18 19 20 21 |
---------------+----------------------------------------------------------------+-----
Stealth        | 6 7 8 9 10 11 12 13 14 15 16 | 16.9
Fighting       | 2 3 4 5 6 7 8 9 10 11 12 13 | 13.5
Throwing       | 2 3 4 5 6 7 8 9 10 | 10.0
Short Blades   | 3 4 5 6 |  6.7
Dodging        | 2 3 4 5 7 8 9 10 11 12 13 14 15 | 15.4
Shields        | 1 3 4 |  4.0
Invocations    | 1 3 5 7 8 9 10 | 10.0
Air Magic      | 1 2 4 6 8 10 | 10.0
Poison Magic   | 1 2 |  2.0
Spellcasting   | 1 2 3 4 5 6 7 8 9 10 | 10.0
Conjurations   | 1 |  1.1
Translocations | 1 2 |  2.0
Fire Magic     | 1 |  1.1
Long Blades    | 3 4 6 7 9 10 11 12 13 | 13.5
Hexes          | 1 4 10 11 12 | 12.0
Armour         | 2 3 4 6 7 8 9 10 11 | 11.1
Charms         | 2 5 6 8 9 10 | 10.0
Summonings     | 2 |  2.0
Ice Magic      | 5 6 |  6.0

Action                   |  1- 3 |  4- 6 |  7- 9 | 10-12 | 13-15 | 16-18 | 19-21 || total
-------------------------+-------+-------+-------+-------+-------+-------+-------++-------
Melee: Dagger            |    58 |   130 |   294 |   226 |   387 |   281 |   289 ||  1665
       Bite              |     5 |     7 |    52 |    99 |   244 |   299 |   234 ||   940
       Falchion          |       |       |    13 |    52 |       |       |       ||    65
       Long sword        |       |       |       |   138 |   301 |       |       ||   439
       Unarmed           |       |       |       |       |     1 |       |       ||     1
       Demon blade       |       |       |       |       |   263 |   932 |   617 ||  1812
 Fire: Blowgun           |     5 |    30 |    76 |    34 |     7 |       |       ||   152
Throw: Stone             |     3 |     4 |    25 |     7 |     5 |       |       ||    44
       Throwing net      |       |       |     3 |     6 |       |       |       ||     9
       Tomahawk          |       |       |       |   137 |    95 |   232 |   119 ||   583
       Javelin           |       |       |       |       |    44 |    13 |       ||    57
 Cast: Call Imp          |       |       |    13 |     5 |     2 |       |       ||    20
       Mephitic Cloud    |       |       |     2 |    64 |   156 |    30 |    21 ||   273
       Conjure Flame     |       |       |     2 |       |       |       |       ||     2
       Confuse           |       |       |       |    19 |    59 |    10 |     8 ||    96
       Shroud of Golubri |       |       |       |     2 |     6 |    54 |    34 ||    96
       Blink             |       |       |       |     2 |     7 |       |       ||     9
       Summon Lightning  |       |       |       |       |    18 |   137 |    45 ||   200
       Deflect Missiles  |       |       |       |       |       |     8 |     7 ||    15
       Invisibility      |       |       |       |       |       |     2 |    20 ||    22
       Ensorcelled Hiber |       |       |       |       |       |       |     9 ||     9
Invok: Bend Time         |       |       |     2 |       |       |     1 |       ||     3
       Slouch            |       |       |     1 |     3 |       |       |       ||     4
 Abil: End Transformatio |     2 |       |     7 |     8 |    12 |     4 |     2 ||    35
       Bat Form          |     2 |       |     7 |     8 |    12 |     4 |     2 ||    35
Evoke: Wand              |       |       |     6 |    14 |     6 |       |     1 ||    27
       Phial of floods   |       |       |       |     1 |     1 |       |       ||     2
       Lightning rod     |       |       |       |       |       |     4 |       ||     4
       Box of beasts     |       |       |       |       |       |     1 |       ||     1
       Sack of spiders   |       |       |       |       |       |     1 |       ||     1
  Use: Scroll            |       |    10 |     4 |    16 |    20 |    15 |     7 ||    72
       Potion            |       |     2 |     5 |    14 |    10 |    12 |     7 ||    50
 Stab: Sleeping          |    18 |    24 |    30 |    33 |    30 |    57 |    42 ||   234
       Distracted        |       |     1 |     3 |     1 |     5 |    47 |    21 ||    78
       Held in net/web   |       |       |     2 |     2 |       |       |       ||     4
       Confused          |       |       |     2 |    40 |   155 |    31 |    25 ||   253
       Invisible         |       |       |       |       |       |       |    94 ||    94
  Eat: Corpse            |       |       |     1 |       |       |       |       ||     1
Armor: Robe              |     6 |    31 |    61 |    49 |       |       |    13 ||   160
       Scale mail        |       |     1 |     1 |       |       |       |       ||     2
       Steam dragon scal |       |       |       |       |    68 |       |       ||    68
       Swamp dragon scal |       |       |       |       |    60 |   148 |    17 ||   225
       Acid dragon scale |       |       |       |       |     2 |     8 |       ||    10
       Storm dragon scal |       |       |       |       |       |       |    73 ||    73
Dodge: Dodged            |    15 |    66 |   182 |   338 |   767 |  1139 |   523 ||  3030
       Deflected         |       |       |       |       |       |   106 |    42 ||   148
Block: Buckler           |       |     5 |    93 |   205 |   617 |   894 |   415 ||  2229
       Other             |       |       |       |     1 |     4 |       |       ||     5
       Reflection        |       |       |       |       |    74 |    97 |    28 ||   199
       Rpst.: Falchion   |       |       |     4 |    12 |       |       |       ||    16
       Long sword        |       |       |       |    31 |    58 |       |       ||    89
       Demon blade       |       |       |       |       |    71 |   173 |    87 ||   331
